 Dungeon Crawl Stone Soup version 0.24.0-13-gcf9b319 (webtiles) character file.

Game seed: 6933340938778393077, levelgen mode: deterministic

222 Bronimir the Magician (level 5, 0/28 HPs)
             Began as a Tengu Wizard on Mar 26, 2020.
             Slain by an orc
             ... wielding a +0 flail
              (7 damage)
             ... on level 4 of the Dungeon.
             The game lasted 00:09:14 (3470 turns).

Bronimir the Magician (Tengu Wizard)                Turns: 3470, Time: 00:09:14

Health: 0/28       AC:  4    Str:  7    XL:     5   Next: 99%
Magic:  0/11       EV: 12    Int: 20    God:
Gold:   123        SH:  0    Dex: 12    Spells: 1/11 levels left

rFire    . . .     SeeInvis .   a - +2 hand axe (chop)
rCold    . . .     Gourm    .   (no shield)
rNeg     . . .     Faith    .   f - +0 leather armour
rPois    .         Spirit   +   h - +0 hat
rElec    .         Reflect  .   m - scarf {Spirit}
rCorr    .         Harm     .   p - +0 pair of gloves
MR       .....                  (boots unavailable)
Stlth    ++........             (no amulet)
HPRegen  0.09/turn              (no ring)
MPRegen  0.12/turn              (no ring)

@: about to teleport
A: beak, talons 3, able to fly
a: Fly


You were on level 4 of the Dungeon.
You were very hungry.

You visited 1 branch of the dungeon, and saw 4 of its levels.

You collected 123 gold pieces.

Inventory:

Hand Weapons
 a - a +2 hand axe of chopping (weapon)
 b - a +0 hunting sling
 x - a +0 club
 C - a +0 long sword
Missiles
 i - 157 stones
 j - 58 arrows
 l - 38 bolts
 t - 5 javelins
 w - 6 boomerangs (quivered)
Armour
 f - a +0 leather armour (worn)
 h - a +0 hat (worn)
 m - a scarf of spirit shield (worn)
 p - a +0 pair of gloves (worn)
Jewellery
 B - an uncursed ring of protection from magic {unknown}
Scrolls
 e - 2 scrolls of teleportation
 g - a scroll of magic mapping {unknown}
 k - 5 scrolls of identify {unknown}
 q - 2 scrolls of amnesia {unknown}
 r - a scroll of remove curse {unknown}
 u - a scroll of fog {unknown}
 y - 4 scrolls of blinking {unknown}
 z - a scroll of enchant weapon {unknown}
Potions
 c - a potion of lignification {unknown}
 o - a potion of invisibility {unknown}
 s - 4 potions of flight {unknown}
 v - 2 potions of ambrosia {unknown}
 A - 2 potions of haste {unknown}
Comestibles
 d - 11 rations


   Skills:
 + Level 0.2 Fighting
 + Level 1.7 Long Blades
 * Level 2.4 Armour
 + Level 2.6 Dodging
 - Level 2.0 Stealth
 + Level 3.9 Spellcasting
 * Level 3.8 Conjurations
 * Level 2.1 Summonings
 - Level 0.9 Translocations


You had one spell level left.
You knew the following spells:

 Your Spells              Type           Power        Failure   Level  Hunger
a - Magic Dart            Conj           ###.         3%          1    None
b - Call Imp              Summ           ##......     12%         2    ##.....
c - Blink                 Tloc           N/A          19%         2    ##.....
d - Slow                  Hex            #.......     28%         2    ##.....
e - Mephitic Cloud        Conj/Pois/Air  #.......     32%         3    ###....

Your spell library contained the following spells:

 Spells                   Type           Power        Failure   Level  Hunger
 Conjure Flame            Conj/Fire      ##......     26%         3    ###....


Dungeon Overview and Level Annotations

Branches:
Dungeon (4/15)
 Temple: D:4-7

Altars:


Innate Abilities, Weirdness & Mutations

You have a beak for a mouth.
You have claws for feet.
You can fly continuously.


Message History

You peck the orc priest, but do no damage.
The orc priest is heavily wounded.
You hit the orc wizard. You barely miss the orc.
The orc wizard points at you and mumbles some strange words.
The magic dart hits you! The orc closely misses you.
The orc wizard mumbles some strange words.
The orc wizard blinks!
The orc is engulfed in noxious fumes.
The orc appears confused.
You see here a quokka skeleton.
The orc priest hits you.
You hit the orc priest but do no damage.
You claw the orc priest, but do no damage.
The orc priest is heavily wounded.
The orc hits you with a +0 flail.
* * * LOW HITPOINT WARNING * * *
The orc priest seems less confused.
As you read the scroll labeled SIBIGG DUD USM, it crumbles to dust.
You feel strangely unstable.
It was a scroll of teleportation.
The orc hits you with a +0 flail!
You die...

###........)....#
#####...)....## ###### .
##........######....# .
#..............#....# .
#####..............#....#
.####.......................#
......##...............#....#
................o......#....#
.......###......@.#....######
...............o..#....#
........###...÷##.######
.........####.o........####
................oo...<.....
.........####..............
>...>....# #..........§...
.........# #..............
####.....# ###########....


You could see an orc priest, an orc wizard and 2 orcs.

Vanquished Creatures
  A howler monkey (D:4)
  A worker ant (D:4)
  8 adders
  A river rat (D:3)
  A dart slug (D:1)
  2 leopard geckos
  5 orcs
  4 ball pythons
  3 bats
  6 giant cockroaches
  4 hobgoblins
  2 jackals (D:1)
  A quokka (D:4)
  5 frilled lizards
  3 goblins
  2 kobolds
  9 rats
58 creatures vanquished.

Vanquished Creatures (collateral kills)
  Jessica (D:1)
  An adder zombie (D:3)
2 creatures vanquished.

Grand Total: 60 creatures vanquished

Notes
Turn   | Place    | Note
-------+----------+-------------------------------------------
     0 | D:1      | Bronimir the Tengu Wizard began the quest for the Orb.
     0 | D:1      | Reached XP level 1. HP: 10/10 MP: 5/5
     6 | D:1      | Noticed a queen ant
     6 | D:1      | Noticed a tyrant leech
     6 | D:1      | Noticed an iguana
     7 | D:1      | Noticed a centaur warrior
   163 | D:1      | Reached XP level 2. HP: 15/15 MP: 0/7
   167 | D:1      | Learned a level 2 spell: Call Imp
   170 | D:1      | Learned a level 2 spell: Blink
   173 | D:1      | Learned a level 2 spell: Slow
  1116 | D:2      | Noticed Jessica
  1157 | D:1      | Killed Jessica
  1157 | D:1      | Reached XP level 3. HP: 12/19 MP: 0/9
  1522 | D:2      | Reached skill level 1 in Armour
  1522 | D:2      | Reached XP level 4. HP: 24/24 MP: 2/10
  2452 | D:3      | Gained mutation: You can fly continuously. [Tengu growth]
  2452 | D:3      | Reached XP level 5. HP: 26/28 MP: 2/11
  3008 | D:3      | Learned a level 3 spell: Mephitic Cloud
  3266 | D:4      | Reached skill level 1 in Long Blades
  3462 | D:4      | HP: 1/28 [orc priest (2)]
  3470 | D:4      | Slain by an orc

Levels and vault maps discovered:
D:1:      onia_arrival_zoo_common, layout_rooms, chequers_serial_rivers_micro_e
D:2:      layout_rooms, uniq_jessica
D:3:      layout_loops_cross, portal_sewer_entry_e,
          chequers_serial_rivers_large_b, kennysheep_generic_room_7
D:4:      layout_rooms, lemuel_round_altar, grunt_temple_overflow_open,
          first_ration, minmay_misc_feat_encased, kennysheep_generic_room_16

Skill      XL: |  1  2  3  4  5 |
---------------+----------------+-----
Conjurations   | 2 3 |  3.8
Armour         | 1 2 |  2.4
Long Blades    | 1 |  1.7
Summonings     | 2 |  2.1
Fighting       | |  0.2
Dodging        | |  2.6
Stealth        | |  2.0
Spellcasting   | |  3.9
Translocations | |  0.9

Action                   |  1- 3 |  4- 6 || total
-------------------------+-------+-------++-------
Melee: Club              |     4 |       ||     4
       Long sword        |       |    24 ||    24
       Kick              |       |     7 ||     7
       Peck              |       |     2 ||     2
       Hand axe          |       |     6 ||     6
 Cast: Magic Dart        |    59 |    73 ||   132
       Call Imp          |     3 |     4 ||     7
       Blink             |     2 |       ||     2
       Mephitic Cloud    |       |     1 ||     1
  Use: Potion            |       |     2 ||     2
       Scroll            |       |     1 ||     1
 Stab: Sleeping          |       |     2 ||     2
  Eat: Chunk             |     2 |     5 ||     7
Armor: Leather armour    |     7 |    19 ||    26
Dodge: Dodged            |    30 |    55 ||    85
       Rpst.: Long sword |       |    13 ||    13
